 Dungeon Crawl Stone Soup version 0.31-a0-221-gbddc013574 (webtiles) character file.

Game seed: 1162317631650184513

124 qw the Shooter (level 4, -3/36 HPs)
             Began as a Minotaur Hexslinger on July 3, 2023.
             Slain by Sigmund
             ... wielding a +0 scythe
              (10 damage)
             ... on level 2 of the Dungeon.
             The game lasted 00:00:32 (1099 turns).

qw the Shooter (Minotaur Hexslinger)                Turns: 1099, Time: 00:00:32

Health: -3/36      AC:  1    Str: 12    XL:     4   Next: 81%
Magic:  4/4        EV: 12    Int:  9    God:
Gold:   45         SH:  0    Dex: 18    Spells: 4/5 levels left

rFire   . . .        Y - +1 sling
rCold   . . .        (no shield)
rNeg    . . .        c - +0 robe
rPois   .            (helmet restricted)
rElec   .            (no cloak)
rCorr   +            (no gloves)
SInv    .            (no boots)
Will    .....        (no amulet)
Stlth   ++           a - ring of resist corrosion
HPRegen 0.26/turn    (no ring)
MPRegen 0.09/turn

%: no passive effects
@: no status effects
A: horns 2, retaliatory headbutt, agile 1, deformed body
a: no special abilities


You were on level 2 of the Dungeon.
You visited 1 branch of the dungeon, and saw 2 of its levels.

You collected 45 gold pieces.


Innate Abilities, Weirdness & Mutations

You have a pair of horns on your head.
You reflexively headbutt those who attack you in melee.
You are agile. (Dex +4, Str/Int -1)
Armour fits poorly on your strangely shaped body.


   Skills:
 + Level 2.2 Fighting
 - Level 5.3 Ranged Weapons
 - Level 2.1 Dodging
 - Level 1.0 Spellcasting
 - Level 2.0 Hexes


You had 4 spell levels left.
You knew the following spells:

 Your Spells              Type           Power      Damage    Failure   Level
a - Slow                  Hex            16%        N/A       16%         1

Your spell library contained the following spells:

 Spells                   Type           Power      Damage    Failure   Level
 Inner Flame              Hex/Fire       2%         N/A       58%         3
 Portal Projectile        Hex/Tloc       4%         N/A       58%         3
 Cause Fear               Hex            2%         N/A       85%         4

Inventory:

Hand Weapons
 Y - a +1 sling (weapon)
Armour
 c - a +0 robe (worn)
Jewellery
 a - a ring of resist corrosion (left hand)
Scrolls
 b - a scroll of amnesia {unknown}
 d - a scroll of blinking {unknown}
 f - a scroll of teleportation {unknown}
 j - a scroll of enchant armour {unknown}
Potions
 e - a potion of mutation
 h - a potion of cancellation {unknown}
 i - a potion of curing {unknown}

Dungeon Overview and Level Annotations

Branches:
Dungeon (2/15)

Altars:

Annotations:
D:2 Sigmund


Message History

You shoot a sling bullet. The sling bullet barely misses Sigmund.
Sigmund misses you.
You shoot a sling bullet. The sling bullet hits Sigmund.
Sigmund is heavily wounded.
Sigmund closely misses you.
You shoot a sling bullet. The sling bullet barely misses Sigmund.
You shoot a sling bullet.
The sling bullet hits Sigmund but does no damage.
Sigmund is heavily wounded.
Sigmund closely misses you.
You shoot a sling bullet. The sling bullet barely misses Sigmund.
Sigmund hits you but does no damage.
You shoot a sling bullet. The sling bullet hits Sigmund.
Sigmund is heavily wounded.
Sigmund hits you from afar with a +0 scythe!
You shoot a sling bullet.
The sling bullet closely misses Sigmund.
You shoot a sling bullet. The sling bullet hits Sigmund.
Sigmund is severely wounded.
Sigmund casts a spell at you.
You are confused.
Sigmund hits you from afar with a +0 scythe!
Sigmund hits you from afar with a +0 scythe!
1094 ||| DRINKING potion of heal wounds.
You feel much better. Sigmund completely misses you.
Sigmund says, "You will soon forget everything."
Sigmund gestures at you while chanting. You resist with some effort.
You feel less confused. Sigmund casts a spell at you. The magic dart hits you!
You shoot a sling bullet.
The sling bullet closely misses Sigmund.
Sigmund points at you and mumbles some strange words.
The puff of flame hits you!
You shoot a sling bullet. The sling bullet hits Sigmund.
Sigmund is severely wounded.
Sigmund hits you from afar with a +0 scythe!
You die...

...#....... )...<##
....... %.....#
....... #####..#
....... # #...# #
....... # ##... ##.
....... #
#..#..##.@.....
#............. ###
#@# ##.. #.# #...
###.#
######...###...#
..#........#.###
##.............#
..............##
..###........#### #
..###...........#.#


You could see Sigmund.

Vanquished Creatures
  Natasha (thrice) (D:2)
  3 worms (D:2)
  2 ball pythons (D:1)
  5 endoplasms
  A giant cockroach (D:1)
  5 goblins (D:1)
  4 hobgoblins
  4 jackals (D:1)
  5 kobolds
  A quokka (D:1)
  3 bats
  4 rats
40 creatures vanquished.

Notes
Turn   | Place    | Note
-------+----------+-------------------------------------------
     0 | D:1      | qw the Minotaur Hexslinger began the quest for the Orb.
     0 | D:1      | Reached XP level 1. HP: 16/16 MP: 1/1
     0 | D:1      | 0 ||| qw: Version: 0.3-a-40-ge99b1a8
     0 | D:1      | 0 ||| qw: Game counter: 500
     0 | D:1      | 0 ||| qw: Melee chars always use a shield: true
     0 | D:1      | 0 ||| qw: God list: Okawaru
     0 | D:1      | 0 ||| qw: Allow faded altars: false
     0 | D:1      | 0 ||| qw: Do Orc after clearing Dungeon:15 true
     0 | D:1      | 0 ||| qw: Do second Lair branch before Depths: true
     0 | D:1      | 0 ||| qw: Lair rune preference: random
     0 | D:1      | 0 ||| qw: Goals: Normal
     0 | D:1      | 0 ||| PLANNING D:1-11
   194 | D:1      | Reached skill level 3 in Ranged Weapons
   194 | D:1      | Reached XP level 2. HP: 23/23 MP: 2/2
   527 | D:1      | Reached XP level 3. HP: 29/29 MP: 3/3
   756 | D:1      | 756 ||| READING scroll labelled UPROG POIDAMEINIA.
   757 | D:1      | 757 ||| READING scroll labelled QIRYOTR RIHIOM.
   758 | D:1      | 758 ||| DRINKING 2 murky orange potions.
   758 | D:1      | Gained mutation: Armour fits poorly on your strangely
                  | shaped body. [potion of mutation]
   758 | D:1      | Gained mutation: You are agile. (Dex +4, Str/Int -1)
                  | [potion of mutation]
   759 | D:1      | 759 ||| DRINKING 2 fizzy coppery potions.
   760 | D:1      | 760 ||| DROPPING scroll of poison.
   799 | D:2      | Noticed Natasha
   804 | D:2      | Killed Natasha
   805 | D:2      | Reached skill level 4 in Ranged Weapons
   863 | D:2      | Found a faded altar of an unknown god.
   866 | D:2      | Noticed a floating eye
   866 | D:2      | Noticed a great orb of eyes
   868 | D:2      | 868 ||| UPGRADING to ring of resist corrosion.
   869 | D:2      | 869 ||| READING scroll labelled ANLEEL VAPUICA.
   870 | D:2      | Noticed an eye of devastation
   870 | D:2      | Noticed an eye of devastation
   931 | D:2      | Noticed Natasha
   934 | D:2      | Reached XP level 4. HP: 36/36 MP: 4/4
   939 | D:2      | Killed Natasha
   982 | D:2      | Noticed Natasha
   991 | D:2      | Killed Natasha
   992 | D:2      | Reached skill level 5 in Ranged Weapons
  1078 | D:2      | Noticed Sigmund
  1093 | D:2      | HP: 2/36 [Sigmund/+0 scythe (13)]
  1094 | D:2      | 1094 ||| DRINKING potion of heal wounds.
  1098 | D:2      | HP: 6/36 [Sigmund/puff of flame (10)]
  1099 | D:2      | Slain by Sigmund

Levels and vault maps discovered:
D:1:      heliophobic_arrival_ceremonial_halls, layout_loops_cross,
          serial_bayou_lagoon_a, minmay_three_crescents
D:2:      layout_rooms, hellmonk_ecumenical_altar_watching_god, uniq_natasha,
          uniq_sigmund

Skill      XL: |  1  2  3  4 |
---------------+-------------+-----
Ranged Weapons | 3 4 5 |  5.3
Fighting       | 2 |  2.2
Dodging        | |  2.1
Spellcasting   | |  1.0
Hexes          | |  2.0

Action                     |  1- 3 |  4- 6 || total
---------------------------+-------+-------++-------
   Fire: Sling             |    86 |    40 ||   126
    Use: Scroll            |     3 |       ||     3
         Potion            |     2 |     1 ||     3
 Armour: Robe              |     6 |     1 ||     7
  Dodge: Dodged            |    34 |    11 ||    45

Table legend:
 A = Non-vault XP
 B = Vault XP
 C = Vault XP percentage of total XP
 D = Non-vault monster count
 E = Vault monster count
 F = Vault count percentage of total count
                 A         B        C        D         E       F
            +---------+---------+-------+---------+---------+-------
      Total |     133 |      45 |  25.3 |      33 |       7 |  17.5
            +---------+---------+-------+---------+---------+-------
        D:1 |      36 |      12 |  25.0 |      21 |       6 |  22.2
        D:2 |      97 |      33 |  25.4 |      12 |       1 |   7.7
            +---------+---------+-------+---------+---------+-------
